AoeStats
← dean03110206

African Clearing

506324587Analyzed
4v4 RM · 19d ago on Sep 13, 2026· 64m 26s· 8 players
Game mode
Random Map
Map size
Large (8 player)
Population
200
Speed
Normal
Resources
Standard
Victory
Conquest
Starting age
Dark Age
Ending age
Imperial Age
RankedLock teamsTeams togetherTeam positionsShared explorationLock speedFull tech treeHidden civsTurbo modeCheats
Victory
Defeat
🇵🇪 Italians · Peru
1042
+17
🇵🇪 Bohemians · Peru
1034
+17
🇨🇳 Mongols · China
1025
+34
🇦🇷 Burgundians · Argentina
1015
+18
🇲🇽 Berbers · Mexico
1091
-20
🇲🇽 Bulgarians · Mexico
1086
-18
🇹🇼 Mongols · Taiwan
1028
-16
🇹🇼 Huns · Taiwan
1010
-15
jochizan
15:57 Feudal Age
15:06 Loom
22:49 Castle Age
22:02 Double-Bit Axe
31:53 Pikeman
32:35 Squires
43:50 Wheelbarrow
46:54 Town Watch
51:52 Imperial Age
49:12 Town Watch
50:51 Chemistry
49:34 Treadmill Crane
51:13 Hand Cart
51:20 Bow Saw
52:36 Houfnice
54:18 Fletching
54:28 Padded Archer Armor
54:39 Forging
54:29 Scale Mail Armor
53:52 Halberdier
55:23 Bodkin Arrow
57:02 Town Patrol
62:17 Siege Engineers
62:22 Masonry
62:34 Bombard Tower
62:25 Fortified Wall
62:11 Murder Holes
PilotePSP
5:44 Loom
15:35 Feudal Age
20:58 Castle Age
19:38 Scale Mail Armor
20:41 Double-Bit Axe
23:10 Fletching
24:22 Wheelbarrow
35:07 Town Watch
37:44 Hand Cart
41:47 Town Patrol
42:28 Bow Saw
42:51 Horse Collar
43:36 Bodkin Arrow
44:07 Padded Archer Armor
44:33 Gold Mining
51:40 Imperial Age
50:33 Murder Holes
51:15 Heavy Plow
52:15 Leather Archer Armor
52:26 Bracer
53:44 Chemistry
53:06 Ballistics
53:47 Elite Skirmisher
55:19 Thumb Ring
55:55 Ring Archer Armor
58:10 Stone Mining
61:00 Elite Genoese Crossbowman
61:06 Elite Genoese Crossbowman
63:52 Capped Ram
John G
5:28 Loom
16:06 Feudal Age
20:11 Castle Age
19:37 Double-Bit Axe
20:19 Horse Collar
21:59 Town Watch
25:47 Wheelbarrow
26:33 Scale Barding Armor
26:39 Forging
25:54 Cavalier
26:35 Husbandry
26:43 Gold Mining
27:02 Heavy Plow
27:24 Bow Saw
29:25 Crop Rotation
30:08 Chain Barding Armor
31:01 Gold Shaft Mining
32:31 Iron Casting
33:50 Hand Cart
46:41 Fletching
53:09 Imperial Age
53:53 Two-Man Saw
54:41 Plate Barding Armor
55:18 Blast Furnace
56:00 Paladin
58:46 Light Cavalry
61:03 Hussar
62:23 Capped Ram
65:25 Ballistics
wz975
9:54 Loom
12:14 Feudal Age
15:55 Castle Age
14:21 Double-Bit Axe
14:25 Horse Collar
15:50 Town Watch
17:23 Bow Saw
22:17 Gold Mining
25:22 Wheelbarrow
24:45 Fletching
26:19 Padded Archer Armor
26:16 Bodkin Arrow
28:52 Padded Archer Armor
29:52 Ballistics
31:01 Gold Shaft Mining
30:16 Stone Mining
31:33 Leather Archer Armor
33:43 Stone Shaft Mining
38:48 Imperial Age
37:28 Hand Cart
37:24 Bloodlines
37:14 Husbandry
38:30 Light Cavalry
39:18 Scale Barding Armor
38:51 Elite Mangudai
40:37 Conscription
40:18 Bracer
41:37 Chemistry
40:42 Heavy Plow
41:50 Scale Barding Armor
41:56 Forging
41:43 Murder Holes
41:58 Masonry
41:54 Siege Engineers
42:15 Parthian Tactics
42:26 Thumb Ring
42:48 Nomads
43:45 Chain Barding Armor
44:00 Iron Casting
44:16 Hoardings
44:02 Drill
44:18 Town Patrol
45:29 Hussar
47:12 Blast Furnace
46:41 Siege Engineers
49:11 Coinage
49:54 Capped Ram
52:03 Siege Ram
58:16 Heavy Camel Rider
61:52 Onager
dinbsty ascenci
4:08 Loom
13:28 Feudal Age
18:43 Castle Age
19:22 Double-Bit Axe
19:37 Gold Mining
19:43 Stone Mining
26:07 Fletching
26:39 Horse Collar
29:09 Wheelbarrow
32:41 Bow Saw
34:13 Padded Archer Armor
34:51 Ballistics
34:59 Thumb Ring
36:07 Bodkin Arrow
37:27 Hand Cart
37:32 Leather Archer Armor
43:05 Imperial Age
44:03 Bracer
45:19 Ring Archer Armor
45:54 Chemistry
44:50 Murder Holes
45:43 Bloodlines
45:33 Husbandry
48:03 Heavy Plow
50:41 Elite Camel Archer
52:20 Conscription
58:24 Maghrebi Camels
59:19 Elite Genitour
chekopg_1110
5:36 Loom
14:58 Feudal Age
15:52 Town Watch
19:48 Castle Age
18:15 Forging
18:07 Scale Mail Armor
21:33 Chain Mail Armor
21:11 Gambesons
23:41 Wheelbarrow
22:53 Double-Bit Axe
29:46 Bow Saw
30:37 Fletching
31:00 Stone Mining
32:49 Town Patrol
33:07 Hand Cart
32:56 Gold Mining
36:40 Scale Barding Armor
37:45 Bloodlines
38:21 Ballistics
39:26 Husbandry
40:18 Chain Barding Armor
41:34 Bodkin Arrow
41:53 Masonry
43:30 Iron Casting
47:00 Imperial Age
47:07 Horse Collar
51:33 Heavy Plow
55:31 Conscription
56:42 Plate Barding Armor
57:32 Stirrups
59:22 Blast Furnace
58:23 Bracer
58:56 Plate Mail Armor
58:30 Bracer
58:34 Squires
58:11 Capped Ram
59:24 Siege Ram
62:15 Elite Konnik
63:56 Bagains
dean03110206
3:28 Loom
15:18 Feudal Age
17:29 Bloodlines
20:32 Castle Age
20:49 Wheelbarrow
31:19 Wheelbarrow
32:02 Horse Collar
33:37 Heavy Plow
42:39 Hand Cart
42:36 Pikeman
45:28 Elite Skirmisher
47:02 Fletching
50:10 Bodkin Arrow
55:11 Imperial Age
59:27 Halberdier
62:19 Padded Archer Armor
62:20 Bracer
62:44 Squires
Wade Wang
7:39 Loom
14:49 Feudal Age
19:11 Castle Age
16:59 Double-Bit Axe
16:56 Horse Collar
19:26 Scale Barding Armor
24:55 Bow Saw
26:00 Light Cavalry
28:04 Wheelbarrow
27:34 Stone Mining
28:36 Forging
28:31 Town Watch
31:59 Hand Cart
32:36 Town Patrol
35:42 Padded Archer Armor
35:33 Fletching
38:40 Imperial Age
38:41 Leather Archer Armor
39:45 Conscription
39:35 Husbandry
40:18 Bloodlines
40:35 Bodkin Arrow
40:04 Hussar
43:30 Chain Barding Armor
45:28 Elite Mangudai
47:17 Bracer
47:53 Iron Casting
47:54 Scale Mail Armor
48:18 Ballistics
51:07 Nomads
52:10 Heavy Plow
55:37 Blast Furnace
56:32 Chemistry
Connection lost

Rejoining the realm…

Still unreachable

The connection could not be restored.

Session expired

The server has moved on; the page needs a fresh start.